 Dungeon Crawl Stone Soup version 0.32-a0-886-g41c5271027 (webtiles) character file.

Game seed: 2701859137925277752

290 Heh the Chopper (level 6, -5/48 HPs)
             Began as a Coglin Berserker on Apr 3, 2024.
             Was a Priest of Trog.
             Slain by a hornet (12 damage)
             ... on level 6 of the Dungeon.
             The game lasted 00:08:03 (2195 turns).

Heh the Chopper (Coglin Berserker)                  Turns: 2195, Time: 00:08:03

Health: -5/48      AC:  5    Str: 19    XL:     6   Next: 32%
Magic:  6/6        EV: 10    Int:  5    God:    Trog [***...]
Gold:   176        SH:  0    Dex: 17    Spells: 5/5 levels left

rFire   . . .        a - +1 hand axe {Mariya}
rCold   + . .        t - +2 flail (protect) {Huemac}
rNeg    . . .        i - +0 ring mail
rPois   .            (no helmet)
rElec   .            (no cloak)
rCorr   .            (no gloves)
SInv    .            (no boots)
Will    +++..        (amulet unavailable)
Stlth   +            (ring unavailable)
HPRegen 1.28/turn    (ring unavailable)
MPRegen 0.10/turn    (no gizmo)

%: no passive effects
@: about to teleport, strong-willed, attractive, enlightened, flying,
regenerating, hasted, revving, very quick
A: off-hand wielding, slow wielding, warmup strikes, no jewellery, agile 1, cold
resistance 1, wild magic 1
a: Invent Gizmo, Renounce Religion, Berserk, Trog's Hand


You were on level 6 of the Dungeon.
You worshipped Trog.
Trog was most pleased with you.
You visited 1 branch of the dungeon, and saw 5 of its levels.

You collected 176 gold pieces.

Inventory:

Hand Weapons
 a - a +1 hand axe (weapon) {Mariya}
 c - a +0 dagger {Chinhae}
 j - a +0 mace {Cuetlachtli}
 n - a +2 dagger of holy wrath
 s - a +0 short sword of venom
 t - a +2 flail of protection (offhand) {Huemac}
Armour
 b - a +0 animal skin
 i - a +0 ring mail (worn)
 p - a +0 chain mail
 r - a +0 pair of gloves
Wands
 u - a wand of roots (9)
Scrolls
 g - a scroll of teleportation
 h - a scroll of blinking
 l - 2 scrolls of enchant armour
 m - a scroll of identify
Potions
 d - a potion of attraction
 e - 2 potions of haste


   Skills:
 - Level 4.0 Fighting
 * Level 6.1 Axes
 - Level 2.0 Armour
 - Level 2.0 Dodging


You had 5 spell levels left.
You didn't know any spells.
Your spell library was empty.

Dungeon Overview and Level Annotations

Branches:
Dungeon (6/15)
 Temple: D:4-7

Altars:
Makhleb
Vehumet


Innate Abilities, Weirdness & Mutations

You can wield a second weapon in your off-hand.
It takes a long time for you to wield or remove held weapons.
Your first few attacks do less damage.
You cannot equip rings or amulets.
You are agile. (Dex +4, Str/Int -1)
Your flesh is cold resistant. (rC+)
Your spells are a little harder to cast, but a little more powerful.


Message History

It was a potion of enlightenment.
You feel very buoyant.
You fly up into the air.
You feel sick. The hornet barely misses you.
Okay, then.
Okay, then.
Blink to where?
Press: ? - help, Dir - move target
As you read the scroll of blinking, it crumbles to dust.
You feel sick. The hornet is attracted toward you.
The orc is attracted toward you.
Okay, then.
It was a potion of magic.
Magic courses through your body.
You feel sick. The hornet is attracted toward you.
Something is attracted toward you.
It was a potion of mutation.
You feel extremely strange.
You feel resistant to cold.
You feel less in control of your magic.
You feel agile. The hornet barely misses you.
Blink to where?
Press: ? - help, Dir - move target
As you read the scroll of blinking, it crumbles to dust.
You feel sick.
Okay, then.
You feel sick. The hornet is attracted toward you.
As you read the scroll of teleportation, it crumbles to dust.
You feel strangely unstable.
You feel sick. The hornet barely misses you.
Okay, then.
Okay, then.
Okay, then.
Aiming: Fastroot
Press: ? - help, Shift-Dir - straight line, f - hornet
Aim: a hornet (translocational energy)
The roots erupt in riotous growth!
Roots grab the hornet.
The grasping roots constrict the hornet.
You feel sick.
You are no longer poisoned.
You hear a shout! x2
The hornet stings you!
You die...

#........###.#
#..... #..##.#
<.....###....#
#....oo#..####
#.....o..####
######.###..
#§# #.# #o#
#.# #§# #@# ##
#§# #y#
##...#y###.#
.......§.§.#
.......#####
###.#### #


You could see a hornet (rooted).

Vanquished Creatures
  A scorpion (D:6)
  2 orc priests (D:3)
  An orc wizard (D:3)
  6 adders
  A dart slug (D:1)
  2 ribbon worms (D:2)
  13 orcs (D:3)
  4 bats
  5 endoplasms
  2 giant cockroaches
  7 hobgoblins
  11 jackals
  2 quokkas (D:1)
  2 ball pythons (D:1)
  3 frilled lizards
  4 goblins
  8 kobolds
  3 rats
77 creatures vanquished.

Notes
Turn   | Place    | Note
-------+----------+-------------------------------------------
     0 | D:1      | Heh the Coglin Berserker began the quest for the Orb.
     0 | D:1      | Reached XP level 1. HP: 18/18 MP: 1/1
   101 | D:1      | Reached XP level 2. HP: 19/24 MP: 2/2
   322 | D:1      | Reached ** piety under Trog
   356 | D:1      | Reached XP level 3. HP: 22/29 MP: 3/3
  1020 | D:2      | Reached skill level 4 in Axes
  1020 | D:2      | Reached XP level 4. HP: 20/35 MP: 4/4
  1372 | D:3      | Reached XP level 5. HP: 39/42 MP: 5/5
  1476 | D:3      | Reached skill level 5 in Axes
  1830 | D:3      | Reached *** piety under Trog
  2065 | D:4      | Found a burning altar of Makhleb.
  2065 | D:4      | Found a radiant altar of Vehumet.
  2066 | D:4      | You fall into a shaft and drop 2 floors!
  2159 | D:6      | Reached XP level 6. HP: 48/48 MP: 6/6
  2175 | D:6      | Noticed a hornet
  2185 | D:6      | Reached skill level 6 in Axes
  2190 | D:6      | Gained mutation: Your flesh is cold resistant. (rC+)
                  | [potion of mutation]
  2190 | D:6      | Gained mutation: Your spells are a little harder to cast,
                  | but a little more powerful. [potion of mutation]
  2190 | D:6      | Gained mutation: You are agile. (Dex +4, Str/Int -1)
                  | [potion of mutation]
  2195 | D:6      | Slain by a hornet

Illustrated notes

Levels and vault maps discovered:
D:1:      matt_arrival_grand_opening, layout_loops_cross
D:2:      layout_basic, minmay_pentomino_p4
D:3:      layout_loops_cross
D:4:      layout_basic, grunt_temple_overflow_lords_of_destruction,
          riverfiend_overflow_shadow_ancestor, grunt_gozag_breadcrumbs,
          nemelex_xobeh_ov_fountains_minmay, kennysheep_generic_room_6,
          uniq_grinder, uniq_robin
D:6:      layout_loops_ring, gup_sewer_entry_spiral, uniq_sigmund,
          uniq_crazy_yiuf_cottage

Skill      XL: |  1  2  3  4  5  6 |
---------------+-------------------+-----
Dodging        | 2 |  2.0
Armour         | 2 |  2.0
Axes           | 4 5 6 |  6.1
Fighting       | 4 |  4.0

Action                     |  1- 3 |  4- 6 || total
---------------------------+-------+-------++-------
  Melee: Hand axe          |    89 |    58 ||   147
         Dagger            |    56 |       ||    56
         Mace              |    21 |    11 ||    32
         Flail             |       |    41 ||    41
 Invoke: Trog's Hand       |       |     1 ||     1
  Evoke: Wand              |       |     1 ||     1
    Use: Scroll            |       |    11 ||    11
         Potion            |       |     5 ||     5
 Armour: Animal skin       |    42 |       ||    42
         Ring mail         |    33 |    53 ||    86
  Dodge: Dodged            |    66 |    45 ||   111

Table legend: (Time is in decaauts)
 A = Elapsed time spent in this place.
 B = Non-inter-level travel time spent in this place.
 C = Inter-level travel time spent in this place.
 D = Time resting spent in this place.
 E = Time spent auto-exploring this place.
 F = Levels seen in this place.
 G = Mean time per level.
                   A        B        C        D        E       F      G
               +--------+--------+--------+--------+--------+-----+--------+
         Total |   2210 |   2134 |     76 |     71 |   1577 |   5 |  442.0 |
       Dungeon |   2210 |   2134 |     76 |     71 |   1577 |   5 |  442.0 |
               +--------+--------+--------+--------+--------+-----+--------+

Top non-repeatable levels by time:
     D:3: 698 daAuts
     D:1: 687 daAuts
     D:2: 684 daAuts
     D:6: 127 daAuts
     D:4: 12 daAuts
